 Dungeon Crawl Stone Soup version 0.30-a0-1103-g25895a7845 (webtiles) character file.

Game seed: 18316711566505751504

1039 CowFu the Conjurer (level 7, 0/57 HPs)
             Began as a Demigod Conjurer on Apr 18, 2023.
             Slain by an orc
             ... wielding a +0 club
              (3 damage)
             ... on level 5 of the Dungeon.
             The game lasted 00:06:52 (4954 turns).

CowFu the Conjurer (Demigod Conjurer)               Turns: 4954, Time: 00:06:53

Health: 0/57       AC:  5    Str: 13    XL:     7   Next: 74%
Magic:  15/15      EV: 11    Int: 28    God:
Gold:   283        SH:  0    Dex:  8    Spells: 7/13 levels left

rFire   . . .      SeeInvis .    a - +9 war axe "Fohuve" {venom, rPois rC+ rCorr Dex-4}
rCold   + . .      Faith    .    (no shield)
rNeg    . . .      Spirit   .    A - +0 robe
rPois   +          Reflect  .    d - +0 helmet of Upyen {rElec rPois Will- Str+5}
rElec   +          Rampage  .    w - +0 cloak
rCorr   +                        (no gloves)
Will    .....                    D - +0 pair of boots
Stlth   +                        (no amulet)
HPRegen 0.29/turn                h - ring of flight
MPRegen 0.14/turn                r - ring of wizardry

@: flying
A: high MP 1, forlorn, divine attributes
a: no special abilities


You were on level 5 of the Dungeon.
You visited 1 branch of the dungeon, and saw 5 of its levels.

You collected 353 gold pieces.
You spent 70 gold pieces at shops.

Inventory:

Hand Weapons
 a - the +9 war axe "Fohuve" (weapon) {venom, rPois rC+ rCorr Dex-4}
   (You found it on level 4 of the Dungeon)

   Dex:       It affects your dexterity (-4).
   rC:        It protects you from cold.
   rPois:     It protects you from poison.
   rCorr:     It protects you from acid and corrosion.
Armour
 d - the +0 helmet of Upyen (worn) {rElec rPois Will- Str+5}
   (You took it off Robin on level 4 of the Dungeon)

   Str:       It affects your strength (+5).
   rElec:     It insulates you from electricity.
   rPois:     It protects you from poison.
   Will:      It decreases your willpower.
 o - the +1 ring mail "Reasmek" {Dex+3}
   (You found it on level 2 of the Dungeon)

   Dex:       It affects your dexterity (+3).
 w - a +0 cloak (worn)
 A - a +0 robe (worn)
 D - a +0 pair of boots (worn)
Jewellery
 h - a ring of flight (left hand)
 r - a ring of wizardry (right hand)
Wands
 u - a wand of mindburst (16)
 z - a wand of light (6)
Scrolls
 c - 3 scrolls of enchant armour {unknown}
 e - 3 scrolls of magic mapping {unknown}
 f - 4 scrolls of identify {unknown}
 g - a scroll of brand weapon {unknown}
 k - 3 scrolls of torment {unknown}
 n - 5 scrolls of immolation {unknown}
 v - a scroll of amnesia {unknown}
 x - a scroll of fog {unknown}
 y - a scroll of fear {unknown}
 B - a scroll of noise {unknown}
Potions
 b - a potion of magic
 i - a potion of curing
 j - 2 potions of haste {unknown}
 m - a potion of resistance {unknown}
 p - a potion of lignification {unknown}
 q - 2 potions of berserk rage {unknown}
 s - 3 potions of attraction {unknown}
 t - a potion of ambrosia {unknown}
 C - a potion of mutation {unknown}


   Skills:
 + Level 3.3 Fighting
 - Level 1.7 Dodging
 - Level 1.7 Stealth
 + Level 3.7 Spellcasting
 + Level 7.8 Conjurations


You had 7 spell levels left.
You knew the following spells:

 Your Spells              Type           Power      Damage    Failure   Level
a - Magic Dart            Conj           100%       1d8       1%          1
b - Searing Ray           Conj           96%        2d7       1%          2
c - Dazzling Flash        Conj/Hex       54%        N/A       1%          3

Your spell library contained the following spells:

 Spells                   Type           Power      Damage    Failure   Level
 Apportation              Tloc           10%        N/A       3%          1
 Necrotise                Necr           20%        1d5       3%          1
 Sting                    Tmut/Pois      20%        1d4       3%          1
 Summon Small Mammal      Summ           20%        N/A       3%          1
 Poisonous Vapours        Pois/Air       10%        N/A       4%          2
 Fulminant Prism          Conj/Hex       13%        3d9       6%          4
 Iskenderun's Mystic Bla  Conj/Tloc      27%        2d7       6%          4
 Vampiric Draining        Necr           5%         2d6       9%          3
 Olgreb's Toxic Radiance  Pois           5%         N/A       28%         4
 Agony                    Necr           5%         N/A       61%         5
 Summon Forest            Summ/Tloc      2%         N/A       61%         5
 Summon Mana Viper        Hex/Summ       5%         N/A       61%         5
 Summon Cactus Giant      Summ           2%         N/A       98%         6


Dungeon Overview and Level Annotations

Branches:
Dungeon (5/15)             Temple (0/1) D:5

Shops:
D:2 !


Innate Abilities, Weirdness & Mutations

You have an increased reservoir of magic. (+10% MP)
You shall have no god before yourself.
Your divine heritage dramatically boosts your attributes as you level up.


Message History

The orc hits you but does no damage.
The gnoll shouts!
There is an open door here.
Things that are here:
a +0 hand axe; 18 gold pieces; an orc corpse
There is a huge open gate here.
A gnoll comes into view. It is wielding a +0 flail.
The gnoll shouts!
The orc hits you but does no damage.
You slash the orc!
You kill the orc!
You barely miss the gnoll. The gnoll hits you with a +0 flail.
The gnoll closely misses you.
You slash the gnoll!
The gnoll is heavily wounded.
You hit the gnoll. The gnoll hits you with a +0 flail.
* * * LOW HITPOINT WARNING * * *
The gnoll hits you with a +0 flail!
* * * LOW HITPOINT WARNING * * *
The gnoll closely misses you.
You slash the gnoll!
The gnoll is poisoned.
The gnoll is almost dead.
You hit the orc.
The orc is poisoned.
You barely miss the gnoll. The gnoll barely misses you.
The gnoll hits you with a +0 flail.
* * * LOW HITPOINT WARNING * * *
The gnoll barely misses you.
You feel better.
The orc hits you with a +0 short sword of electrocution.
* * * LOW HITPOINT WARNING * * *
The gnoll hits you with a +0 flail.
* * * LOW HITPOINT WARNING * * *
The orc hits you with a +0 club.
* * * LOW HITPOINT WARNING * * *
The gnoll barely misses you.
You feel better.
You kill the orc!
You kill the gnoll!
The gnoll hits you with a +0 flail!
* * * LOW HITPOINT WARNING * * *
The orc hits you with a +0 club.
You die...

..#...##### #...#......# #.......
.......#..# #..###..##>###...###.
......†...###.## ##.#...)........
.......#....#..###...............
..#...##..#.#...#..<#............
#######...#>##......##.###...##..
# #####.####.......# #....... #
#.#####)<..### #...#### #
######..Oog@).#.# #...# # #
#.......####og..# #...# # #
#...###.# #.#### ##.## # #
#.#..##.####.#########.##
######...........)....>..#...####
..).....####g#.###..#..).........
..†.))).....o...................P
≈~~~)~~~≈~~.O..~~≈~~~~)~≈≈≈≈≈~≈~≈
≈≈≈≈≈~≈≈≈≈~....~≈≈≈≈~~≈≈≈≈≈≈~~≈≈≈


You could see an ogre, 2 gnolls and 2 orcs.

Vanquished Creatures
  2 ogres (D:5)
  A centaur (D:5)
  A phantom (D:4)
  3 scorpions (D:5)
  A howler monkey (D:5)
  2 orc priests (D:5)
  A hound (D:4)
  A gnoll bouda (D:5)
  An orc wizard (D:5)
  Robin (D:4)
  8 adders
  15 gnolls
  A white imp (D:5)
  A worm (D:5)
  A dart slug (D:3)
  17 orcs
  4 ball pythons
  6 bats
  7 endoplasms
  7 giant cockroaches
  12 goblins
  7 hobgoblins
  16 jackals
  8 kobolds
  A quokka (D:1)
  6 frilled lizards
  4 rats
135 creatures vanquished.

Vanquished Creatures (others)
  A plant (D:5)
1 creature vanquished.

Grand Total: 136 creatures vanquished

Notes
Turn   | Place    | Note
-------+----------+-------------------------------------------
     0 | D:1      | CowFu the Demigod Conjurer began the quest for the Orb.
     0 | D:1      | Reached XP level 1. HP: 14/14 MP: 5/5
   147 | D:1      | Reached skill level 4 in Conjurations
   147 | D:1      | Reached XP level 2. HP: 20/20 MP: 2/7
   947 | D:1      | Learned a level 2 spell: Searing Ray
  1057 | D:2      | Reached XP level 3. HP: 26/26 MP: 2/8
  1235 | D:2      | Found Behorey's Distillery.
  1238 | D:2      | Bought a potion of heal wounds for 70 gold pieces
  1306 | D:2      | Reached skill level 5 in Conjurations
  1706 | D:2      | Reached XP level 4. HP: 33/33 MP: 4/9
  1752 | D:2      | Identified the +1 ring mail "Reasmek" {Dex+3}
  2511 | D:3      | Reached skill level 6 in Conjurations
  2511 | D:3      | Reached XP level 5. HP: 38/38 MP: 0/10
  3185 | D:4      | Identified the +0 helmet of Upyen {rElec rPois Will- Str+5}
  3185 | D:4      | Noticed Robin
  3192 | D:4      | Killed Robin
  3568 | D:4      | Learned a level 3 spell: Dazzling Flash
  3683 | D:4      | Identified the +0 ring mail "Diudgh" {Harm}
  3691 | D:4      | Identified the +9 war axe "Fohuve" {venom, rPois rC+ rCorr
                  | Dex-4}
  3835 | D:5      | Entered Level 5 of the Dungeon
  3896 | D:5      | Noticed an ogre
  3900 | D:5      | Killed an ogre
  3901 | D:5      | Reached skill level 7 in Conjurations
  3901 | D:5      | Reached XP level 6. HP: 46/46 MP: 5/12
  3979 | D:5      | Found a staircase to the Ecumenical Temple.
  4000 | D:5      | Reached skill level 1 in Fighting
  4000 | D:5      | HP: 2/47 [worm (9)]
  4122 | D:5      | Reached XP level 7. HP: 55/55 MP: 12/14
  4954 | D:5      | Slain by an orc

Illustrated notes

Levels and vault maps discovered:
D:1:      minmay_arrival_three_doors, layout_basic
D:2:      layout_rooms, basic_altar, serial_shops, shop, minmay_unequal
D:3:      layout_loops_ring, nzn_wu_jian_council_hall, solitary_fountain,
          kennysheep_generic_room_16
D:4:      layout_loops_ring, nicolae_overflow_hidden_temple, uniq_robin
D:5:      lemuel_castle_with_subvaults [lemuel_castle_interior_carwin_3],
          layout_loops_cross, nemelex_spade_bored_becter,
          nicolae_qazlal_general_emergency, old_standard_altar,
          marbit_many_paths, mainiacjoe_overflow_small_starburst,
          minmay_temple_entry_crystal_x

Skill      XL: |  1  2  3  4  5  6  7 |
---------------+----------------------+-----
Conjurations   | 4 5 6 7 |  7.8
Spellcasting   | 2 3 |  3.7
Fighting       | 2 3 |  3.3
Dodging        | |  1.7
Stealth        | |  1.7

Action                     |  1- 3 |  4- 6 |  7- 9 || total
---------------------------+-------+-------+-------++-------
  Melee: Club              |     4 |     8 |       ||    12
         War axe           |       |     6 |    77 ||    83
         Punch             |       |       |     2 ||     2
   Cast: Magic Dart        |    82 |    95 |       ||   177
         Searing Ray       |       |     9 |       ||     9
         Dazzling Flash    |       |     1 |       ||     1
    Use: Potion            |       |     1 |     3 ||     4
 Armour: Robe              |     1 |     6 |    17 ||    24
  Dodge: Dodged            |    19 |    39 |    53 ||   111

Table legend: (Time is in decaauts)
 A = Elapsed time spent in this place.
 B = Non-inter-level travel time spent in this place.
 C = Inter-level travel time spent in this place.
 D = Time resting spent in this place.
 E = Time spent auto-exploring this place.
 F = Levels seen in this place.
 G = Mean time per level.
                   A        B        C        D        E       F      G
               +--------+--------+--------+--------+--------+-----+--------+
         Total |   4996 |   4804 |    192 |      0 |   4083 |   5 |  999.2 |
       Dungeon |   4996 |   4804 |    192 |      0 |   4083 |   5 |  999.2 |
               +--------+--------+--------+--------+--------+-----+--------+

Top non-repeatable levels by time:
     D:5: 1160 daAuts
     D:3: 1125 daAuts
     D:1: 984 daAuts
     D:4: 926 daAuts
     D:2: 798 daAuts
